 Dungeon Crawl Stone Soup version 0.21-a0-584-g185da8e (webtiles) character file.

445 Amnesiac the Ducker (level 6, 0/39 HPs)
             Began as a Deep Elf Ice Elementalist on Dec 21, 2017.
             Killed from afar by an orc wizard (2 damage)
             ... with a magic dart
             ... on level 4 of the Dungeon.
             The game lasted 00:03:33 (1326 turns).

Amnesiac the Ducker (Deep Elf Ice Elementalist)     Turns: 1326, Time: 00:03:34

Health: 0/39       AC:  7    Str:  5    XL:     6   Next: 72%
Magic:  2/12       EV: 15    Int: 22    God:
Gold:   29         SH:  0    Dex: 15    Spells: 3/11 levels left

rFire    . . .     SeeInvis +   h - +11 dagger of Righefus {holy, +Blink rN+ MR- SInv}
rCold    . . .     Gourm    .   (no shield)
rNeg     + . .     Faith    .   d - +0 robe
rPois    .         Spirit   .   (no helmet)
rElec    .         Reflect  .   (no cloak)
rCorr    .         Harm     .   (no gloves)
MR       .....                  (no boots)
Stlth    ++........             (no amulet)
HPRegen  0.13/turn              (no ring)
MPRegen  0.13/turn              (no ring)

@: icy armour, very slightly contaminated, slow
A: no striking features
a: Evoke Blink


You were on level 4 of the Dungeon.
You were not hungry.

You visited 1 branch of the dungeon, and saw 4 of its levels.

You collected 29 gold pieces.

Inventory:

Hand Weapons
 a - a +0 dagger of protection
 b - a +0 blowgun
 h - the +11 dagger of Righefus (weapon) {holy, +Blink rN+ MR- SInv}
   (You found it on level 4 of the Dungeon)

   It has been blessed by the Shining One to cause great damage to the undead
   and demons.
   It protects you from negative energy.
   It affects your resistance to hostile enchantments.
   It lets you see invisible.
   It lets you blink.
Missiles
 e - 12 poisoned needles
Armour
 d - a +0 robe (worn)
Books
 f - a book of Frost

   Spells                             Type                      Level
   a - Freeze                         Ice                          1
   b - Throw Frost                    Conjuration/Ice              2
   c - Ozocubu's Armour               Charms/Ice                   3
   d - Throw Icicle                   Conjuration/Ice              4
   e - Summon Ice Beast               Ice/Summoning                4
Comestibles
 c - 3 rations


   Skills:
 * Level 4.6 Fighting
 + Level 4.6 Dodging
 - Level 2.4 Stealth
 - Level 3.0 Spellcasting
 + Level 2.4 Conjurations
 - Level 3.2 Ice Magic


You had 3 spell levels left.
You knew the following spells:

 Your Spells              Type           Power        Failure   Level  Hunger
a - Freeze                Ice            ###.         3%          1    None
b - Ozocubu's Armour      Chrm/Ice       ##......     19%         3    ###....
d - Throw Icicle          Conj/Ice       ###.....     36%         4    ####...


Dungeon Overview and Level Annotations

Branches:
Dungeon (4/15)
 Temple: D:4-7

Altars:

Annotations:
D:4 exclusion: skeleton


Message History

Amnesiac's ghost is heavily damaged.
Amnesiac's ghost gestures at you while chanting.
You are frozen.
An orc wizard comes into view. It is wielding a dagger.
The orc wizard shouts!
You puncture Amnesiac's ghost!
Amnesiac's ghost convulses!
Amnesiac's ghost is almost destroyed.
Amnesiac's ghost points at you and mumbles some strange words.
You are frozen.
You closely miss Amnesiac's ghost.
Amnesiac's ghost is almost destroyed.
Amnesiac's ghost hits you but does no damage.
You barely miss Amnesiac's ghost.
Amnesiac's ghost is almost destroyed.
Amnesiac's ghost casts a spell at you.
You are frozen.
* * * LOW HITPOINT WARNING * * *
You barely miss Amnesiac's ghost.
Amnesiac's ghost is almost destroyed.
Amnesiac's ghost casts a spell at you.
You are frozen.
* * * LOW HITPOINT WARNING * * *
You hit Amnesiac's ghost.
You destroy Amnesiac's ghost!
Your Fighting skill increases to level 4!
Your Dodging skill increases to level 4!
Your Conjurations skill increases to level 2!
You have reached level 6!
Your experience leads to an increase in your attributes!
Increase (S)trength, (I)ntelligence, or (D)exterity?
You feel clever.
Casting: Ozocubu's Armour
Confirm with . or Enter, or press ? or * to list all spells.
Aiming: Throw Icicle
Press: ? - help, Shift-Dir - straight line, f - orc wizard
Aim: an orc wizard, wielding a dagger and wearing a leather armour You miscast Throw Icicle.
Wisps of smoke drift from your hands.
The orc wizard points at you and mumbles some strange words.
The puff of flame hits you!
* * * LOW HITPOINT WARNING * * *
The heat melts your icy armour.
Things that are here:
a hand axe; an orc corpse You aren't carrying any potions.
Okay, then.
You aren't carrying any potions.
Unknown command.
The orc wizard casts a spell at you. The magic dart hits you!
* * * LOW HITPOINT WARNING * * *
Casting: Throw Icicle
Confirm with . or Enter, or press ? or * to list all spells.
You don't have enough magic to cast that spell.
Unknown command.
Casting: Throw Icicle
Confirm with . or Enter, or press ? or * to list all spells.
Aiming: Freeze
Press: ? - help, Shift-Dir - straight line, f/p - orc wizard
Aim: an orc wizard, wielding a dagger and wearing a leather armour You freeze the orc wizard.
The orc wizard is lightly wounded.
The orc wizard casts a spell at you. The magic dart hits you!
You die...

####### #......# #
#..[...# # #......# #
#......# # #......# #
#########..$...# #
.......@o......# #
.########)###### #
######.##############
......................
......................
#######.##########.###
...# ####..## #####
#....... #.......


You could see an orc wizard.

Vanquished Creatures
  The ghost of Amnesiac the Conjurer, a novice DEIE of Sif Muna (D:4)
  A scorpion (D:4)
  2 orc priests (D:4)
  An orc wizard (D:4)
  3 adders (D:4)
  An ooze (D:1)
  2 leopard geckos (D:4)
  7 orcs (D:4)
  2 hobgoblins (D:1)
  3 jackals (D:2)
  A bat (D:1)
  2 goblins
  5 kobolds
  A rat (D:1)
32 creatures vanquished.

Notes
Turn   | Place    | Note
-------+----------+-------------------------------------------
     0 | D:1      | Amnesiac the Deep Elf Ice Elementalist began the quest for the Orb.
     0 | D:1      | Reached XP level 1. HP: 10/10 MP: 6/6
    48 | D:2      | Reached skill level 1 in Fighting
    66 | D:1      | Reached XP level 2. HP: 15/16 MP: 0/8
   177 | D:2      | You fall through a shaft for 2 floors!
   278 | D:4      | Reached XP level 3. HP: 21/21 MP: 6/9
   298 | D:4      | Learned a level 3 spell: Ozocubu's Armour
   323 | D:4      | HP: 1/22 [orc priest/divine providence (13)]
   579 | D:4      | Reached XP level 4. HP: 13/28 MP: 4/10
  1181 | D:4      | Reached XP level 5. HP: 27/32 MP: 8/11
  1258 | D:4      | Learned a level 4 spell: Throw Icicle
  1267 | D:4      | Got a crystal dagger
  1282 | D:4      | Identified the +11 dagger of Righefus {holy, +Blink rN+ MR- SInv} (You found it on level 4 of the Dungeon)
  1305 | D:4      | Noticed Amnesiac's ghost (novice DEIE)
  1319 | D:4      | Killed Amnesiac's ghost
  1319 | D:4      | Reached XP level 6. HP: 12/39 MP: 6/12
  1326 | D:4      | Killed from afar by an orc wizard

Vault maps used:
D:1:      dpeg_arrival_shrine
D:3:      lemuel_crystal_altar, chequers_ecumenical_altar_simple, serial_curves,
          eino_curves_02, eino_curves_04, kennysheep_generic_room_12
D:4:      first_ration

Skill      XL: |  1  2  3  4  5 |
---------------+----------------+-----
Fighting       | 1 2 3 4 |  4.6
Dodging        | 3 4 |  4.6
Conjurations   | 2 |  2.4
Stealth        | |  2.4
Spellcasting   | |  3.0
Ice Magic      | |  3.2

Action                   |  1- 3 |  4- 6 || total
-------------------------+-------+-------++-------
Melee: Dagger            |       |    13 ||    13
 Fire: Blowgun           |       |    10 ||    10
 Cast: Freeze            |    33 |    19 ||    52
       Ozocubu's Armour  |       |     1 ||     1
 Stab: Sleeping          |       |     1 ||     1
  Eat: Chunk             |       |     1 ||     1
Armor: Robe              |     9 |     7 ||    16
Dodge: Dodged            |    15 |     9 ||    24

Table legend:
 A = Spawn XP
 B = Non-spawn XP
 C = Spawn XP percentage of total XP
 D = Spawn monster count
 E = Non-spawn monster count
 F = Spawn count percentage of total count
 G = Total turns spent on level
                    A         B        C        D         E        F      G
               +---------+---------+-------+---------+---------+-------+---------
         Total |       0 |     637 |   0.0 |       0 |      32 |   0.0 |  1326
               +---------+---------+-------+---------+---------+-------+---------
           D:1 |       0 |      18 |   0.0 |       0 |       9 |   0.0 |   155
           D:2 |       0 |       6 |   0.0 |       0 |       3 |   0.0 |    22
           D:3 |       0 |       4 |   0.0 |       0 |       3 |   0.0 |    25
           D:4 |       0 |     609 |   0.0 |       0 |      17 |   0.0 |  1124
               +---------+---------+-------+---------+---------+-------+---------
